 Dungeon Crawl Stone Soup version 0.21-a0-344-g2144152 (webtiles) character file.

23 tilp the Firebug (level 2, -10/20 HPs)
             Began as a Hill Orc Fire Elementalist on Oct 4, 2017.
             Killed from afar by Sigmund (13 damage)
             ... with a puff of flame
             ... on level 2 of the Dungeon.
             The game lasted 00:04:41 (1801 turns).

tilp the Firebug (Hill Orc Fire Elementalist)       Turns: 1801, Time: 00:04:42

Health: -10/20     AC:  5    Str: 10    XL:     2   Next: 95%
Magic:  4/5        EV: 12    Int: 15    God:
Gold:   30         SH:  0    Dex: 11    Spells: 4/5 levels left

rFire    . . .     SeeInvis .   a - +0 dagger
rCold    . . .     Gourm    .   (no shield)
rNeg     . . .     Faith    .   e - +0 robe
rPois    .         Spirit   .   (helmet restricted)
rElec    .         Reflect  .   (no cloak)
rCorr    .         Harm     .   g - +0 pair of gloves
MR       .....     Rnd*Tele +   (no boots)
Stlth    ++........             m - amulet of magic regeneration
HPRegen  0.06/turn              (no ring)
MPRegen  0.34/turn              (no ring)

@: no status effects
A: horns 1, icy blue scales 1, sense surroundings 1, teleportitis 1
a: no special abilities


You were on level 2 of the Dungeon.
You were very hungry.

You visited 1 branch of the dungeon, and saw 2 of its levels.

You collected 30 gold pieces.

Inventory:

Hand Weapons
 a - a +0 dagger (weapon)
 b - a +0 hunting sling
Missiles
 f - 27 stones (quivered)
 o - 11 sling bullets
Armour
 e - a +0 robe (worn)
 g - a +0 pair of gloves (worn)
Jewellery
 m - an amulet of magic regeneration (around neck)
Scrolls
 d - a scroll of identify
 j - a scroll of amnesia
Books
 h - a book of Flames

   Spells                             Type                      Level
   a - Flame Tongue                   Conjuration/Fire             1
   b - Throw Flame                    Conjuration/Fire             2
   c - Conjure Flame                  Conjuration/Fire             3
   d - Inner Flame                    Hexes/Fire                   3
   e - Sticky Flame                   Conjuration/Fire             4
   f - Fireball                       Conjuration/Fire             5
Comestibles
 c - a bread ration
 n - 3 fruits


   Skills:
 - Level 1.5 Dodging
 - Level 1.5 Stealth
 + Level 2.0 Spellcasting
 + Level 1.7 Conjurations
 + Level 3.7 Fire Magic


You had 4 spell levels left.
You knew the following spells:

 Your Spells              Type           Power        Failure   Level  Hunger
a - Flame Tongue          Conj/Fire      #....        8%          1    #......


Dungeon Overview and Level Annotations

Branches:
Dungeon (2/15)

Altars:

Annotations:
D:2 Sigmund, Terence


Innate Abilities, Weirdness & Mutations

You have a pair of small horns on your head.
You are partially covered in icy blue scales. (AC +2)
You passively map a small area around you.
You are occasionally teleported next to monsters.


Message History

The magic dart hits you!
Sigmund points at you and mumbles some strange words.
The puff of flame hits you!
Ouch! That really hurt!
* * * LOW HITPOINT WARNING * * *
You're too confused to cast spells.
You're too confused!
You're too confused to move!
You feel less confused. Sigmund closely misses you.
Casting: Flame Tongue
Confirm with . or Enter, or press ? or * to list all spells.
Aiming: Flame Tongue
Press: ? - help, Shift-Dir - straight line, f - Sigmund
Aim: Sigmund, wielding a scythe and wearing a robe The flame tongue hits Sigmund.
Sigmund appears unharmed.
Sigmund gestures at you while chanting. The puff of flame hits you!
Ouch! That really hurt!
You die...

##################
#.@......(........
#.################
#.# * *#@# *** * *
* *#.# * ,
**,*#.#**** * , ,,
,..., * * , , ,,
..., ,, , , #####
* * * * , * * , *
* * *


You could see Sigmund.

Vanquished Creatures
  A dart slug (D:2)
  3 goblins
  2 hobgoblins (D:1)
  A quokka (D:2)
  4 bats
  4 frilled lizards
  4 kobolds
  A rat (D:1)
20 creatures vanquished.

Notes
Turn   | Place    | Note
-------+----------+-------------------------------------------
     0 | D:1      | tilp the Hill Orc Fire Elementalist began the quest for the Orb.
     0 | D:1      | Reached XP level 1. HP: 14/14 MP: 3/3
   374 | D:1      | Reached XP level 2. HP: 19/20 MP: 0/4
  1285 | D:2      | Noticed Terence
  1285 | D:2      | Noticed a sky beast
  1314 | D:2      | Gained mutation: You are occasionally teleported next to monsters. [potion of mutation]
  1314 | D:2      | Gained mutation: You have a pair of small horns on your head. [potion of mutation]
  1314 | D:2      | Gained mutation: You passively map a small area around you. [potion of mutation]
  1314 | D:2      | Gained mutation: You are partially covered in icy blue scales. (AC +2) [potion of mutation]
  1778 | D:2      | Noticed Sigmund
  1801 | D:2      | Killed from afar by Sigmund

Vault maps used:
D:1:      dpeg_arrival_arbitrary_b, serial_forest, infiniplex_forest_zigzag_2,
          infiniplex_forest_clump_diagonal, infiniplex_forest_straight_5,
          infiniplex_forest_clump_medium, infiniplex_forest_fountain,
          infiniplex_forest_clump_long
D:2:      hex_intersection, uniq_sigmund, uniq_terence

Skill      XL: |  1  2 |
---------------+-------+-----
Spellcasting   | 2 |  2.0
Dodging        | |  1.5
Stealth        | |  1.5
Conjurations   | |  1.7
Fire Magic     | |  3.7

Action                   || total
-------------------------++-------
Melee: Dagger            ||    20
 Fire: Hunting sling     ||     7
Throw: Stone             ||     3
 Cast: Flame Tongue      ||    27
  Use: Scroll            ||     4
       Potion            ||     2
  Eat: Chunk             ||     2
Armor: Robe              ||     3
Dodge: Dodged            ||    38

Table legend:
 A = Spawn XP
 B = Non-spawn XP
 C = Spawn XP percentage of total XP
 D = Spawn monster count
 E = Non-spawn monster count
 F = Spawn count percentage of total count
 G = Total turns spent on level
                    A         B        C        D         E        F      G
               +---------+---------+-------+---------+---------+-------+---------
         Total |       0 |      33 |   0.0 |       0 |      20 |   0.0 |  1801
               +---------+---------+-------+---------+---------+-------+---------
           D:1 |       0 |      20 |   0.0 |       0 |      14 |   0.0 |  1195
           D:2 |       0 |      13 |   0.0 |       0 |       6 |   0.0 |   606
               +---------+---------+-------+---------+---------+-------+---------
